 Dungeon Crawl Stone Soup version 0.25.1-2-g60ff931df9 (webtiles) character file.

Game seed: 17851727222452639308

8850 soggyman666 the Blocker (level 11, -4/93 HPs)
             Began as a Minotaur Fighter on Nov 4, 2020.
             Was a Priest of Trog.
             Slain by an elephant simulacrum (17 damage)
             ... in an ice cave.
             The game lasted 00:40:10 (9847 turns).

soggyman666 the Blocker (Minotaur Fighter)          Turns: 9847, Time: 00:40:11

Health: -4/93      AC: 20    Str: 23    XL:     11   Next: 15%
Magic:  15/15      EV:  7    Int:  5    God:    Trog [***...]
Gold:   781        SH: 12    Dex: 11    Spells: 10/10 levels left

rFire    . . .     SeeInvis .   u - +9 mace "Masyv" {vorpal, rN+}
rCold    . . .     Gourm    .   c - +0 kite shield
rNeg     + . .     Faith    .   D - +0 plate armour
rPois    +         Spirit   .   (helmet restricted)
rElec    .         Reflect  .   j - +2 cloak
rCorr    .         Harm     .   (no gloves)
MR       +....                  w - +2 pair of boots
Stlth    ..........             G - amulet of regeneration
HPRegen  0.65/turn              E - ring of poison resistance
MPRegen  0.14/turn              t - ring of protection from magic

@: no status effects
A: retaliatory headbutt, horns 2
a: Berserk, Trog's Hand, Renounce Religion


You were in an ice cave.
You worshipped Trog.
Trog was most pleased with you.
You were not hungry.

You visited 2 branches of the dungeon, and saw 12 of its levels.
You also visited: Ossuary and Ice Cave.

You collected 781 gold pieces.

Inventory:

Hand Weapons
 a - a +1 war axe
 r - a +1 vampiric hand axe
 u - the +9 mace "Masyv" (weapon) {vorpal, rN+}
   (You found it on level 5 of the Dungeon)

   It inflicts extra damage upon your enemies.
   It protects you from negative energy.
 K - a +2 falchion of draining
 N - a +3 flail of venom
Armour
 c - a +0 kite shield (worn)
 g - a scarf of resistance
 j - a +2 cloak (worn)
 w - a +2 pair of boots (worn)
 D - a +0 plate armour (worn)
Jewellery
 t - a ring of protection from magic (right hand)
 E - a ring of poison resistance (left hand)
 G - an amulet of regeneration (around neck)
Wands
 i - a wand of iceblast (6)
 o - a wand of acid (10)
 s - a wand of paralysis (25)
 B - a wand of enslavement (8)
 H - a wand of flame (33)
 L - a wand of random effects (14)
Scrolls
 b - 3 scrolls of enchant weapon
 e - 11 scrolls of teleportation
 p - 8 scrolls of remove curse
 q - a scroll of blinking
 y - 2 scrolls of magic mapping
 F - a scroll of amnesia {unknown}
 I - 2 scrolls of identify
 M - a scroll of fog
Potions
 d - 4 potions of might
 h - 3 potions of brilliance
 k - a potion of ambrosia
 l - a potion of berserk rage
 v - 2 potions of curing {unknown}
 x - 2 potions of magic {unknown}
 z - a potion of flight {unknown}
 A - a potion of haste
 C - a potion of stabbing
 J - a potion of cancellation {unknown}
Miscellaneous
 n - a tin of tremorstones (3/3)
Comestibles
 f - 23 rations


   Skills:
 + Level 7.7 Fighting
 + Level 7.7(9.9) Axes
 + Level 9.7(10.8) Maces & Flails
 + Level 8.6 Armour
 + Level 3.2 Dodging
 + Level 0.8 Stealth
 + Level 9.7 Shields
 * Level 6.8 Evocations


You had 10 spell levels left.
You didn't know any spells.
Your spell library contained the following spells:

 Spells                   Type           Power        Failure   Level  Hunger
 Magic Dart               Conj           #...         100%        1    ##.....
 Blink                    Tloc           N/A          100%        2    ###....
 Call Imp                 Summ           #.......     100%        2    ###....
 Slow                     Hex            #.......     100%        2    ###....
 Conjure Flame            Conj/Fire      #.......     100%        3    ####...
 Mephitic Cloud           Conj/Pois/Air  #.......     100%        3    ####...


Dungeon Overview and Level Annotations

Branches:
Dungeon (11/15)            Temple (1/1) D:7            Lair (0/6) D:11
    Orc (0/2) D:10        Ossuary (visited)           IceCv (1/1)

Altars:
Ashenzari
Cheibriados
Dithmenos
Elyvilon
Fedhas
Gozag
Hepliaklqana
Kikubaaqudgha
Makhleb
Nemelex Xobeh
Okawaru
Qazlal
Ru
Sif Muna
Trog
Uskayaw
Vehumet
Wu Jian
Xom
Yredelemnul
Zin
The Shining One

Shops:
D:10 }

Annotations:
D:7 2 transporters, reptisaurus's ghost, novice HuAK


Innate Abilities, Weirdness & Mutations

You reflexively headbutt those who attack you in melee.
You have a pair of horns on your head.


Message History

[Y]es or [N]o only, please.
Keep disrobing? [Y]es or [N]o only, please.
Keep disrobing?
You stop removing your armour.
The elephant simulacrum tramples you but does no damage.
The elephant simulacrum trunk-slaps you but does no damage.
The alligator simulacrum closely misses you.
The alligator simulacrum tail-slaps you.
The alligator simulacrum freezes you!!
* * * LOW HITPOINT WARNING * * *
The wolf simulacrum bites you.
* * * LOW HITPOINT WARNING * * *
The wolf simulacrum freezes you!
* * * LOW HITPOINT WARNING * * *
You feel much better. The wolf simulacrum barely misses you.
The elephant simulacrum tramples you!
* * * LOW HITPOINT WARNING * * *
The elephant simulacrum freezes you!
You die...

#### ##..##
##....### #
#......Z##....
#.∩.∩.@Z....#
#......Z...##
##....##..##
##..## ###
####


You could see a wolf simulacrum, an alligator simulacrum and an elephant
simulacrum.

Vanquished Creatures
  A two-headed ogre (D:11)
  An unseen horror (D:10)
  Pikel (D:7)
  A gargoyle (D:11)
  Grinder (D:5)
  2 wraiths
  7 yaks
  A human (D:10)
  A hungry ghost (D:10)
  Menkaure (D:5)
  A water moccasin (D:6)
  4 orc warriors
  3 ice beasts
  An eye of draining (D:11)
  A phantom (D:10)
  A slave (D:7)
  A necrophage (D:8)
  2 sky beasts
  5 ogres
  5 centaurs
  5 bullfrogs
  A gnoll sergeant (D:8)
  A water moccasin zombie (D:7)
  9 killer bees
  A scorpion (D:11)
  4 wights (D:10)
  2 bullfrog zombies
  4 howler monkeys
  6 crimson imps
  A quasit (D:7)
  2 centaur zombies
  3 hounds
  3 jellies
  6 orc priests
  Crazy Yiuf (D:5)
  11 orc wizards
  A bullfrog skeleton (D:10)
  Ijyb (D:5)
  Terence (D:2)
  2 iguanas
  9 worker ants
  A polar bear simulacrum (IceCv)
  2 killer bee zombies
  A big kobold zombie (Ossuary)
  A hound skeleton (D:5)
  5 mummies (Ossuary)
  A howler monkey zombie (D:7)
  A howler monkey skeleton (D:9)
  8 adders
  4 gnolls (D:8)
  2 shadow imps
  An ooze (D:6)
  An adder skeleton (D:6)
  3 worms
  3 dart slugs
  4 leopard geckos
  53 orcs
  6 bats
  4 giant cockroaches
  8 goblins
  2 hobgoblins
  23 jackals
  5 quokkas
  2 ball pythons (D:2)
  9 frilled lizards
  3 gnoll zombies
  A hobgoblin zombie (Ossuary)
  A jackal zombie (D:5)
  8 kobolds
  3 orc zombies (Ossuary)
  A quokka zombie (D:6)
  13 rats
295 creatures vanquished.

Vanquished Creatures (others)
  2 slaves (D:7)
  An orc priest (D:7)
  An orc wizard (D:7)
4 creatures vanquished.

Grand Total: 299 creatures vanquished

Notes
Turn   | Place    | Note
-------+----------+-------------------------------------------
     0 | D:1      | soggyman666 the Minotaur Fighter began the quest for the
                  | Orb.
     0 | D:1      | Reached XP level 1. HP: 19/19 MP: 0/0
   107 | D:1      | Reached XP level 2. HP: 27/27 MP: 1/1
   670 | D:1      | Reached XP level 3. HP: 33/33 MP: 2/2
   969 | D:2      | Noticed an ice beast
   978 | D:2      | Killed an ice beast
   978 | D:2      | Reached XP level 4. HP: 10/40 MP: 3/3
  1325 | D:2      | Found an opulent altar of Gozag.
  1343 | D:2      | Reached XP level 5. HP: 46/46 MP: 4/4
  1396 | D:2      | Noticed Terence
  1407 | D:2      | Killed Terence
  1407 | D:2      | Reached skill level 5 in Armour
  1859 | D:3      | Reached skill level 1 in Dodging
  2618 | D:4      | Found a sand-covered staircase.
  2629 | Ossuary  | Entered an ossuary
  2793 | Ossuary  | Reached XP level 6. HP: 53/53 MP: 5/5
  2819 | Ossuary  | Reached skill level 5 in Axes
  2869 | Ossuary  | Reached skill level 1 in Evocations
  3272 | D:4      | Found a hide-covered altar of Uskayaw.
  3970 | D:5      | Entered Level 5 of the Dungeon
  3986 | D:5      | Reached skill level 5 in Shields
  4018 | D:5      | Reached XP level 7. HP: 58/60 MP: 7/7
  4173 | D:5      | Noticed Menkaure
  4177 | D:5      | Killed Menkaure
  4250 | D:5      | Found a runed translucent door.
  4251 | D:5      | Noticed Crazy Yiuf
  4257 | D:5      | Killed Crazy Yiuf
  4266 | D:5      | Got an iridescent mace
  4269 | D:5      | Identified the +9 mace "Masyv" {vorpal, rN+} (You found it
                  | on level 5 of the Dungeon)
  4329 | D:5      | Noticed Grinder
  4345 | D:5      | Killed Grinder
  4345 | D:5      | Reached skill level 5 in Fighting
  4361 | D:5      | Noticed Ijyb
  4366 | D:5      | Killed Ijyb
  4366 | D:5      | Reached XP level 8. HP: 68/68 MP: 9/9
  4380 | D:5      | Reached skill level 1 in Maces & Flails
  5146 | D:6      | Found a sparkling altar of Nemelex Xobeh.
  5183 | D:6      | Found a faded altar of an unknown god.
  5183 | D:6      | Found a sacrificial altar of Ru.
  5188 | D:6      | Found a faded altar of an unknown god.
  5192 | D:6      | Found a shimmering altar of Xom.
  5194 | D:6      | Found a sparkling altar of Nemelex Xobeh.
  5611 | D:6      | Reached XP level 9. HP: 66/75 MP: 11/11
  5858 | D:7      | Reached skill level 5 in Maces & Flails
  5894 | D:7      | Found a transporter.
  5894 | D:7      | Noticed reptisaurus's ghost (novice HuAK)
  5895 | D:7      | Found a transporter.
  6091 | D:7      | Noticed Pikel
  6110 | D:7      | Killed Pikel
  6110 | D:7      | Reached skill level 5 in Evocations
  6122 | D:7      | Found a staircase to the Ecumenical Temple.
  6146 | Temple   | Entered the Ecumenical Temple
  6355 | Temple   | Became a worshipper of Trog the Wrathful
  6432 | D:7      | Noticed a queen bee
  6939 | D:8      | Found a burning altar of Makhleb.
  7035 | D:8      | Reached XP level 10. HP: 80/84 MP: 13/13
  7156 | D:8      | Reached * piety under Trog
  7712 | D:9      | Found an ancient bone altar of Kikubaaqudgha.
  7893 | D:9      | Found a burning altar of Makhleb.
  8044 | D:10     | Entered Level 10 of the Dungeon
  8065 | D:10     | Found Ymocvem's Gadget Shop.
  8151 | D:10     | Reached ** piety under Trog
  8217 | D:10     | Found a staircase to the Orcish Mines.
  8551 | D:10     | Killed an unseen horror
  9438 | D:11     | Noticed a two-headed ogre
  9448 | D:11     | Killed a two-headed ogre
  9448 | D:11     | Reached XP level 11. HP: 69/92 MP: 13/15
  9645 | D:11     | Found a staircase to the Lair.
  9669 | D:11     | Reached *** piety under Trog
  9821 | D:11     | Found a frozen archway.
  9839 | IceCv    | Entered an ice cave
  9846 | IceCv    | HP: 1/93 [wolf simulacrum (9)]
  9847 | IceCv    | Slain by an elephant simulacrum

Illustrated notes

Levels and vault maps discovered:
D:1:      lemuel_arrival_rhombus, layout_loops_ring
D:2:      layout_basic, grunt_gozag_statues, chequers_avenue, uniq_terence
D:3:      layout_loops_ring, first_ration, minmay_between
D:4:      layout_basic, eat_drink_and_be_merry_uskayaw, enter_ossuary_3
D:5:      layout_loops_ring, uniq_crazy_yiuf_cottage, uniq_grinder,
          uniq_menkaure, uniq_ijyb
D:6:      minmay_opposing_rooms, layout_gridville,
          chequers_temple_overflow_minitemple, nemelex_dance_club_becter
D:7:      layout_basic, temple_pool_b, gammafunk_ghost_hive, uniq_pikel
D:8:      layout_rooms, basic_altar
D:9:      layout_roguey, kennysheep_mini, lemuel_coloured_pillars_altar
D:10:     layout_irregular_city, erik_orc_3, serial_shops,
          nicolae_shop_statue_plus, grunt_pizzeria
D:11:     layout_loops_ring, lair_entry_dummy, portal_ice_cave_entry_pillars_1,
          gammafunk_ghost_arena, st_stairs_3
Temple:   regret_index_temple_generic_petals
IceCv:    ice_cave_small_necro

Skill      XL: |  1  2  3  4  5  6  7  8  9 10 |
---------------+-------------------------------+-----
Shields        | 4 5 6 8 9 |  9.7
Axes           | 3 4 5 7 |  7.7
Armour         | 4 5 6 7 8 |  8.6
Fighting       | 4 5 6 7 |  7.7
Dodging        | 1 2 3 |  3.2
Evocations     | 1 2 4 5 6 |  6.8
Maces & Flails | 4 7 9 |  9.7
Stealth        | |  0.8

Action                   |  1- 3 |  4- 6 |  7- 9 | 10-12 || total
-------------------------+-------+-------+-------+-------++-------
Melee: War axe           |    76 |   177 |    24 |       ||   277
       Headbutt          |     8 |    26 |    47 |    48 ||   129
       Mace              |       |       |   191 |   276 ||   467
       Hand axe          |       |       |    21 |       ||    21
Evoke: Wand              |       |       |     3 |       ||     3
  Use: Scroll            |     5 |    13 |     4 |     1 ||    23
       Potion            |       |       |       |     1 ||     1
  Eat: Chunk             |       |    10 |    10 |    10 ||    30
Armor: Scale mail        |    38 |    75 |    75 |       ||   188
       Plate armour      |       |       |    29 |    92 ||   121
Dodge: Dodged            |    19 |    48 |    69 |    37 ||   173
Block: Kite shield       |    52 |    83 |   133 |   138 ||   406
